 Dungeon Crawl Stone Soup version 0.30-a0-802-gb92711bcdf (console) character file.

Game seed: 910337439419698395

58 jejorda2 the Poker (level 4, 0/55 HPs)
             Began as a Merfolk Berserker on Feb 24, 2023.
             Was a Follower of Trog.
             Killed from afar by a white imp (9 damage)
             ... with a puff of frost
             ... summoned by Natasha
             ... on level 2 of the Dungeon.
             The game lasted 00:01:39 (808 turns).

jejorda2 the Poker (Merfolk Berserker)               Turns: 808, Time: 00:01:40

Health: 0/55       AC:  5    Str: 19    XL:     4   Next: 1%
Magic:  4/4        EV: 11    Int:  6    God:    Trog [*.....]
Gold:   35         SH:  0    Dex: 13    Spells: 3/3 levels left

rFire   . . .      SeeInvis .    a - +0 spear
rCold   . . .      Faith    .    (no shield)
rNeg    . . .      Spirit   .    f - +0 ring mail
rPois   .          Reflect  .    (no helmet)
rElec   .          Harm     .    (no cloak)
rCorr   .          Rampage  .    (no gloves)
Will    .....                    (no boots) Stlth
                                 (no amulet)
HPRegen 0.29/turn                (no ring)
MPRegen 0.09/turn                (no ring)

@: berserking, very quick
A: (nimble swimmer 2), mertail
a: Renounce Religion, Berserk


You were on level 2 of the Dungeon.
You worshipped Trog.
Trog was aware of your devotion.
You visited 1 branch of the dungeon, and saw 2 of its levels.

You collected 35 gold pieces.

Inventory:

Hand Weapons
 a - a +0 spear (weapon)
Missiles
 c - 18 stones (quivered)
Armour
 f - a +0 ring mail (worn)
Wands
 g - a wand of acid (11)
Scrolls
 b - a scroll of magic mapping {unknown}
 d - 2 scrolls of teleportation {unknown}
 h - a scroll of enchant weapon {unknown}
 i - 2 scrolls of amnesia {unknown}
 j - a scroll of blinking {unknown}
 k - 2 scrolls of identify {unknown}
 l - a scroll of immolation {unknown}
Potions
 e - a potion of ambrosia {unknown}
 m - a potion of haste {unknown}
 n - a potion of attraction {unknown}


   Skills:
 + Level 3.8 Fighting
 * Level 5.3 Polearms
 + Level 1.9 Armour
 - Level 2.6 Dodging


You had 3 spell levels left.
You didn't know any spells.
Your spell library was empty.

Dungeon Overview and Level Annotations

Branches:
Dungeon (1/15)

Altars:

Annotations:
D:2 Natasha


Innate Abilities, Weirdness & Mutations

((You are very nimble when in or above water. (Stealth+, EV+, Speed+++)))
Your lower body shifts to a powerful aquatic tail in water.


Message History

Found a robe.
Found a stone staircase leading down.
You see here a +0 robe.
There is a stone staircase leading down here.
You see here a +0 robe.
Natasha, Servant of Life and Death comes into view.
Natasha hisses angrily.
Natasha casts a spell.
You see here a frilled lizard skeleton.
You hit the crimson imp.
The crimson imp is moderately wounded.
You hit the crimson imp.
The crimson imp is severely wounded.
The crimson imp blinks!
Natasha claws you.
You miss Natasha.
Natasha casts a spell.
The crimson imp blinks!
You closely miss Natasha. Natasha claws you.
You closely miss Natasha. The white imp closely misses you. Natasha claws you!
You hit Natasha.
Natasha is lightly wounded.
The white imp barely misses you. Natasha claws you.
You hit Natasha but do no damage.
Natasha is lightly wounded.
The white imp hits you. The white imp freezes you. Natasha claws you.
* * * LOW HITPOINT WARNING * * *
You closely miss Natasha.
Natasha is lightly wounded.
The white imp barely misses you. Natasha claws you.
* * * LOW HITPOINT WARNING * * *
You barely miss Natasha.
Natasha is lightly wounded.
The crimson imp blinks!
The white imp closely misses you.
Natasha mumbles some strange words.
A red film seems to cover your vision as you go berserk!
You feel yourself moving faster!
You feel mighty! The white imp gestures at you. The puff of frost hits you!
You die...

#..............'..........
#.............##..........
###########'#.############ #...#
# #.#.# #######
######.#######.....##
...#.......#.......+
###############.#######.#......##
>[............÷.@h.5.§#.#..... #
.#######.######5#####...#...
..######.######.#######...#######
#................................
########.#.......................
.........#.............)..#######
.#########.......).....#.##
.........#.............#..#
.###...................##.#######


You could see Natasha and 2 white imps.

Vanquished Creatures
  Natasha (D:2)
  An adder (D:2)
  A worm (D:2)
  2 endoplasms
  A giant cockroach (D:2)
  2 goblins (D:2)
  2 hobgoblins
  3 kobolds
  2 ball pythons (D:1)
  3 bats
  2 frilled lizards (D:2)
  3 rats
23 creatures vanquished.

Notes
Turn   | Place    | Note
-------+----------+-------------------------------------------
     0 | D:1      | jejorda2 the Merfolk Berserker began the quest for the Orb.
     0 | D:1      | Reached XP level 1. HP: 18/18 MP: 1/1
   136 | D:1      | Reached XP level 2. HP: 22/24 MP: 2/2
   300 | D:1      | You fall into a shaft and drop 1 floor!
   372 | D:2      | Found a faded altar of an unknown god.
   564 | D:2      | Reached XP level 3. HP: 19/30 MP: 3/3
   649 | D:2      | Noticed Natasha
   655 | D:2      | Killed Natasha
   656 | D:2      | Reached skill level 5 in Polearms
   665 | D:2      | Reached XP level 4. HP: 36/37 MP: 4/4
   794 | D:2      | Noticed Natasha
   808 | D:2      | Killed from afar by a white imp

Illustrated notes

Levels and vault maps discovered:
D:1:      dpeg_arrival_pond, layout_basic
D:2:      layout_basic, basic_ecumenical_altar, uniq_natasha

Skill      XL: |  1  2  3 |
---------------+----------+-----
Polearms       | 5 |  5.3
Fighting       | |  3.8
Armour         | |  1.9
Dodging        | |  2.6

Action                     |  1- 3 |  4- 6 || total
---------------------------+-------+-------++-------
  Melee: Spear             |    64 |     9 ||    73
 Invoke: Berserk           |     1 |     1 ||     2
 Armour: Ring mail         |    19 |       ||    19
  Dodge: Dodged            |    29 |     4 ||    33

Table legend: (Time is in decaauts)
 A = Elapsed time spent in this place.
 B = Non-inter-level travel time spent in this place.
 C = Inter-level travel time spent in this place.
 D = Time resting spent in this place.
 E = Time spent auto-exploring this place.
 F = Levels seen in this place.
 G = Mean time per level.
                   A        B        C        D        E       F      G
               +--------+--------+--------+--------+--------+-----+--------+
         Total |    807 |    807 |      0 |     39 |    591 |   2 |  403.5 |
       Dungeon |    807 |    807 |      0 |     39 |    591 |   2 |  403.5 |
               +--------+--------+--------+--------+--------+-----+--------+

Top non-repeatable levels by time:
     D:2: 510 daAuts
     D:1: 297 daAuts
